 Dungeon Crawl Stone Soup version 0.28-a0-385-g79de503ca0 (webtiles) character file.

Game seed: 9008036777820961714

39 Bapho the Shield-Bearer (level 3, -3/29 HPs)
             Began as a Formicid Fighter on Sept 3, 2021.
             Slain by Sigmund (7 damage)
             ... on level 2 of the Dungeon.
             The game lasted 00:02:51 (1400 turns).

Bapho the Shield-Bearer (Formicid Fighter)          Turns: 1400, Time: 00:02:51

Health: -3/29      AC:  8    Str: 21    XL:     3   Next: 70%
Magic:  3/3        EV:  9    Int:  7    God:
Gold:   0          SH:  0    Dex: 10    Spells: 2/2 levels left

rFire   . . .      SeeInvis +   a - +0 war axe
rCold   . . .      Faith    .   c - +0 buckler
rNeg    . . .      Spirit   .   b - +0 scale mail
rPois   .          Reflect  .   (helmet unavailable)
rElec   .          Harm     .   (no cloak)
rCorr   .          Rampage  .   h - +0 pair of gloves
Will    .....                   (no boots)
Stlth   ..........              (no amulet)
HPRegen 0.09/turn               (no ring)
MPRegen 0.08/turn               (no ring)

@: confused, mighty
A: permanent stasis, dig shafts and tunnels, antennae 3, four strong arms
a: Dig, Shaft Self


You were on level 2 of the Dungeon.
You visited 1 branch of the dungeon, and saw 2 of its levels.

Inventory:

Hand Weapons
 a - a +0 war axe (weapon)
Missiles
 f - 18 arrows
 j - 35 stones (quivered)
Armour
 b - a +0 scale mail (worn)
 c - a +0 buckler (worn)
 h - a +0 pair of gloves (worn)
Scrolls
 e - a scroll of identify
 g - 2 scrolls of amnesia
 l - a scroll of enchant weapon {unknown}
Potions
 i - a potion of lignification
 k - a potion of haste


   Skills:
 - Level 3.2 Fighting
 + Level 3.3 Axes
 - Level 3.2 Armour
 - Level 4.2 Shields


You had 2 spell levels left.
You didn't know any spells.
Your spell library contained the following spells:

 Spells                   Type           Power      Damage    Failure   Level
 Dazzling Flash           Conj/Hex       0%         N/A       98%         3
 Agony                    Necr           0%         N/A       100%        5
 Silence                  Hex/Air        0%         N/A       100%        5


Dungeon Overview and Level Annotations

Branches:
Dungeon (2/15)

Altars:

Shops:
D:1 [

Annotations:
D:2 Sigmund


Innate Abilities, Weirdness & Mutations

You cannot be hasted, slowed, berserked, paralysed or teleported.
You can dig through walls and to a lower floor.
You have a pair of large antennae on your head. (SInv)
Your four strong arms can wield two-handed weapons with a shield.


Message History

No target in view!
You see here a ball python corpse.
j - 33 stones (gained 1)
j - 34 stones (gained 1)
j - 35 stones (gained 1)
Found a stone staircase leading up.
Key pressed, stopping explore.
Okay, then.
As you open the door, it creaks loudly!
An endoplasm and Sigmund come into view.
Sigmund is wielding a +2 scythe of protection.
The endoplasm quivers.
You feel very mighty all of a sudden.
Sigmund hits you from afar with a +2 scythe of protection!
There is an open door here.
You slash the endoplasm!
You kill the endoplasm!
Sigmund hits you from afar with a +2 scythe of protection.
A frilled lizard comes into view.
Found 4 gold pieces.
The frilled lizard hisses angrily.
Sigmund points at you and mumbles some strange words.
The puff of flame hits you.
You closely miss Sigmund. Sigmund closely misses you.
You slash Sigmund!
Sigmund is moderately wounded.
Sigmund points at you and mumbles some strange words.
You are confused.
Your scale mail prevents you from hitting Sigmund.
Sigmund is moderately wounded.
Sigmund hits you with a +2 scythe of protection!
* * * LOW HITPOINT WARNING * * *
You hit Sigmund.
Sigmund is heavily wounded.
Sigmund gestures at you while chanting. You resist with some effort.
Sigmund hits you but does no damage.
You nearly stumble into some lava!
Sigmund hits you from afar with a +2 scythe of protection!
You die...

#.# #.# #.#
#.##
#..########
#..........
#######'#######
#≈≈≈§§§.≈≈≈≈≈≈#
#≈....@.@....§#
#≈.....≈.....§#
#§.....≈....§§#
#≈§.≈..≈..≈..§#
#§..≈..≈..≈..≈#
+...§≈≈≈§≈§...+
#≈.§§..≈l$≈..≈#
#≈§§§§.§..§..≈


You could see Sigmund and a frilled lizard.

Vanquished Creatures
  An adder (D:2)
  2 ball pythons
  4 endoplasms
  A giant cockroach (D:2)
  6 goblins
  2 hobgoblins
  4 jackals (D:1)
  A quokka (D:1)
  3 frilled lizards (D:1)
  A kobold (D:2)
  2 rats
27 creatures vanquished.

Notes
Turn   | Place    | Note
-------+----------+-------------------------------------------
     0 | D:1      | Bapho the Formicid Fighter began the quest for the Orb.
     0 | D:1      | Reached XP level 1. HP: 18/18 MP: 1/1
   122 | D:1      | Reached skill level 4 in Shields
   122 | D:1      | Reached XP level 2. HP: 24/24 MP: 2/2
   329 | D:1      | Found Zetoa's Armour Shop.
   615 | D:1      | Reached XP level 3. HP: 21/29 MP: 3/3
  1390 | D:2      | Noticed Sigmund
  1400 | D:2      | Slain by Sigmund

Illustrated notes

Levels and vault maps discovered:
D:1:      shiori_shiawase, layout_loops_corners, serial_shops, shop,
          minmay_misc_feat_chi
D:2:      layout_loops_ring, shapermc_ecumenical_altar_mp_ritualfount,
          chequers_serial_rivers_marsh, kennysheep_generic_room_16,
          uniq_crazy_yiuf_cottage, uniq_sigmund

Skill      XL: |  1  2  3 |
---------------+----------+-----
Shields        | 4 |  4.2
Axes           | 3 |  3.3
Fighting       | |  3.2
Armour         | |  3.2

Action                   || total
-------------------------++-------
Melee: War axe           ||    77
Throw: Stone             ||     8
  Use: Scroll            ||     3
       Potion            ||     1
Armor: Scale mail        ||    31
Dodge: Dodged            ||    37
Block: Buckler           ||    13

Table legend: (Time is in decaauts)
 A = Elapsed time spent in this place.
 B = Non-inter-level travel time spent in this place.
 C = Inter-level travel time spent in this place.
 D = Time resting spent in this place.
 E = Time spent auto-exploring this place.
 F = Levels seen in this place.
 G = Mean time per level.
                   A        B        C        D        E       F      G
               +--------+--------+--------+--------+--------+-----+--------+
         Total |   1429 |   1386 |     43 |      0 |   1147 |   2 |  714.5 |
       Dungeon |   1429 |   1386 |     43 |      0 |   1147 |   2 |  714.5 |
               +--------+--------+--------+--------+--------+-----+--------+

Top non-repeatable levels by time:
     D:1: 1190 daAuts
     D:2: 238 daAuts
